 Dungeon Crawl Stone Soup version 0.27-a0-1189-gb8eb6cee8e (webtiles) character file.

Game seed: 12800550744270894313

7268 freelancePsychic the Thaumaturge (level 11, 0/82 HPs)
             Began as a Djinni Necromancer on May 23, 2021.
             Was an Elder of Dithmenos.
             Killed by their own static electricity (3 damage)
             ... on level 10 of the Dungeon.
             The game lasted 00:25:51 (12544 turns).

freelancePsychic the Thaumaturge (DjNe)            Turns: 12544, Time: 00:25:51

Health: 0/82       AC: 11    Str:  7    XL:     11   Next: 34%
Gold:   561        EV: 15    Int: 21    God:    Dithmenos [****..] SH:  6 Dex: 13

rFire    + + +     SeeInvis .   w - staff of conjuration
rCold    x . .     Faith    .   r - +1 buckler of the Game of Kings {Stlth+}
rNeg     . . .     Spirit   .   i - +2 robe {rF+}
rPois    ∞         Reflect  .   f - +1 helmet
rElec    .         Harm     .   y - +0 cloak
rCorr    .         Rampage  .   (no gloves)
Will     +....                  (boots unavailable)
Stlth    ++++......             (no amulet)
HPRegen  0.23/turn              n - +4 ring of protection
MPRegen  0.00/turn              (no ring)

@: flying, wreathed by umbra
A: sickness immunity, fire resistance 2, cold vulnerability 1, float, innate
caster, hp casting, extra vitality 1
a: Renounce Religion, Shadow Step


You were on level 10 of the Dungeon.
You worshipped Dithmenos.
Dithmenos was greatly pleased with you.
You visited 1 branch of the dungeon, and saw 10 of its levels.

You collected 561 gold pieces.

Inventory:

Hand Weapons
 p - a +2 flail of venom
Armour
 a - a +0 robe
 f - a +1 helmet (worn)
 i - a +2 robe of fire resistance (worn)
 r - the +1 buckler of the Game of Kings (worn) {Stlth+}
   (You found it on level 4 of the Dungeon)

   It makes you more stealthy.
 x - +0 steam dragon scales
 y - a +0 cloak (worn)
Magical Staves
 w - a staff of conjuration (weapon)
Jewellery
 n - a +4 ring of protection (left hand)
 o - a +4 ring of evasion
 D - an amulet of guardian spirit
Wands
 B - a wand of iceblast (6)
Scrolls
 b - 4 scrolls of noise
 c - 2 scrolls of teleportation {@r4}
 e - a scroll of vulnerability
 j - a scroll of identify {@r1}
 q - 3 scrolls of immolation
 s - a scroll of brand weapon
 t - a scroll of magic mapping
 u - 4 scrolls of fog {unknown}
 z - 2 scrolls of enchant armour {unknown}
 F - a scroll of enchant weapon
Potions
 d - 2 potions of resistance
 g - 5 potions of mutation
 h - a potion of flight {unknown}
 k - 2 potions of haste {@q3}
 l - 2 potions of lignification
 m - a potion of invisibility {unknown}
 v - a potion of might
 A - a potion of brilliance {unknown}
 C - a potion of curing {@q1}
 E - 2 potions of berserk rage {unknown}


   Skills:
 + Level 8.8 Fighting
 + Level 8.2 Dodging
 - Level 1.5 Stealth
 - Level 4.0 Shields
 + Level 11.5 Spellcasting


You had 6 spell levels left.
You knew the following spells:

 Your Spells              Type           Power      Damage    Failure   Level
a - Hailstorm             Conj/Ice       74%        3d15      1%          4
b - Sticky Flame          Conj/Fire      74%        2d9       1%          4
c - Vampiric Draining     Necr           28%        2d10      1%          3
d - Animate Dead          Necr           28%        N/A       1%          4
e - Agony                 Necr           57%        N/A       1%          5
f - Pain                  Necr           100%       1d9       1%          1
g - Poisonous Vapours     Pois/Air       100%       N/A       1%          2
h - Static Discharge      Conj/Air       74%        N/A       1%          2
i - Freeze                Ice            100%       1d11      1%          1
j - Animate Skeleton      Necr           100%       N/A       1%          1
Your spell library was empty.

Dungeon Overview and Level Annotations

Branches:
Dungeon (10/15)            Temple (0/1) D:4
   Lair: D:8-11         Orc: D:9-12

Altars:
Dithmenos
Makhleb
Nemelex Xobeh
Qazlal
Yredelemnul
The Shining One

Shops:
D:2 *   D:4 ?

Annotations:
D:4 Grinder
D:7 1 transporter, 3 runed translucent doors, PewDiePie's ghost, novice MiBe
D:8 Harold


Innate Abilities, Weirdness & Mutations

You are immune to sickness and miasma.
You are immune to poison.
Your flesh is very heat resistant. (rF++)
You are vulnerable to cold. (rC-)
You float through the air rather than walking.
You learn spells naturally, not from books.
Your magical power is your life essence.
You have superior vitality. (+4 HP)


Message History

Confirm with . or Enter, or press ? or * to list all spells.
Casting: Hailstorm (mildly dangerous; 1% risk of failure)
Press: ? - help, Dir - look around, f - activate You feel a surge of power!
A cannonade of hail descends around you!
The hail pelts the orc warrior!
The orc warrior is heavily wounded.
The orc warrior shouts!
You hear a shout!
Casting: Hailstorm (mildly dangerous; 1% risk of failure)
Confirm with . or Enter, or press ? or * to list all spells.
Casting: Hailstorm (mildly dangerous; 1% risk of failure)
Press: ? - help, Dir - look around, f - activate
Okay, then.
Casting: Hailstorm (mildly dangerous; 1% risk of failure)
Confirm with . or Enter, or press ? or * to list all spells.
You feel a surge of power!
The orc priest is struck by an arc of lightning!
You kill the orc priest!
Dithmenos accepts your kill.
You are struck by an arc of lightning.
* * * LOW HITPOINT WARNING * * *
x2
Casting: Static Discharge (safe; 1% risk of failure)
Confirm with . or Enter, or press ? or * to list all spells.
You feel a surge of power!
The orc warrior is struck by an arc of lightning!
The orc warrior is almost dead.
You are struck by an arc of lightning.
* * * LOW HITPOINT WARNING * * *
The lightning grounds out.
* * * LOW HITPOINT WARNING * * *
The orc warrior hits you with a +0 long sword!
* * * LOW HITPOINT WARNING * * *
Casting: Static Discharge (safe; 1% risk of failure)
Confirm with . or Enter, or press ? or * to list all spells.
You feel a surge of power!
The orc warrior is struck by an arc of lightning!!
You kill the orc warrior!
Dithmenos accepts your kill.
You are struck by an arc of lightning.
You die... ############...#...# ...........#.......# .⌠...# ...........#.......# oooo.# # #####.......####....# oooo.

.. ...............#....#
#8)8##.. ...............#....#
.o....## ..#######...#..#....#
.......# #......#.......#
.......# #@)....#.......#
..###############)#######.....#
.......))).o..................#
.....)....o...................#
###############################


There were no monsters in sight!

Vanquished Creatures
  A two-headed ogre (D:9)
  Pikel (D:7)
  Joseph (D:8)
  Psyche (D:8)
  Maggie (D:8)
  An efreet (D:9)
  2 trolls
  A hornet (D:9)
  5 yaks (D:10)
  A wraith (D:10)
  A steam dragon (D:9)
  3 vampire mosquitoes (D:8)
  Edmund (D:4)
  3 water moccasins
  2 acid dragons
  4 orc warriors
  A necrophage (D:6)
  3 ogres
  2 lemures (D:7)
  2 centaurs
  A kobold brigand (D:7)
  3 bullfrogs
  A scorpion (D:5)
  A wyvern skeleton (D:7)
  3 killer bees (D:9)
  4 howler monkeys
  2 centaur zombies
  A gnoll shaman (D:5)
  Crazy Yiuf (D:6)
  3 orc priests
  A bullfrog skeleton (D:6)
  4 hounds
  2 centaur skeletons
  4 iguanas
  A killer bee zombie (D:9)
  3 hound skeletons (D:4)
  A mummy (D:7)
  2 howler monkey skeletons
  A howler monkey zombie (D:8)
  4 gnolls (D:5)
  5 adders
  A shadow imp (D:5)
  A white imp (D:6)
  An ufetubus (D:5)
  2 worms
  A dart slug (D:1)
  14 orcs
  6 endoplasms
  A giant cockroach (D:1)
  6 hobgoblins
  6 jackals
  7 quokkas
  10 ball pythons
  7 bats
  2 frilled lizards
  13 goblins
  A hobgoblin zombie (D:7)
  9 kobolds
  3 kobold zombies (D:7)
  A rat (D:2)
177 creatures vanquished.

Notes
Turn   | Place    | Note
-------+----------+-------------------------------------------
     0 | D:1      | freelancePsychic the Djinni Necromancer began the quest for
                  | the Orb.
     0 | D:1      | Reached XP level 1. HP: 15/15 MP: 0/0
   535 | D:1      | Reached XP level 2. HP: 13/22 MP: 0/0
  1117 | D:1      | Reached skill level 1 in Fighting
  1627 | D:1      | Reached XP level 3. HP: 24/27 MP: 0/0
  1627 | D:1      | Learned a level 1 spell: Freeze
  2216 | D:1      | Found a faded altar of an unknown god.
  2220 | D:1      | Became a worshipper of Dithmenos the Shadowed
  2220 | D:1      | Reached * piety under Dithmenos
  2801 | D:2      | Found a basalt altar of Yredelemnul.
  3434 | D:2      | Found Initept's General Store.
  3544 | D:2      | Reached XP level 4. HP: 29/32 MP: 0/0
  3686 | D:2      | Reached skill level 4 in Spellcasting
  4147 | D:3      | Reached ** piety under Dithmenos
  4711 | D:4      | Reached XP level 5. HP: 37/39 MP: 0/0
  4711 | D:4      | Learned a level 2 spell: Poisonous Vapours
  4897 | D:4      | Identified the +1 buckler of the Game of Kings {Stlth+}
  4984 | D:4      | Found a stormy altar of Qazlal.
  4986 | D:4      | Found a basalt altar of Yredelemnul.
  4986 | D:4      | Found a burning altar of Makhleb.
  5060 | D:4      | Noticed Grinder
  5068 | D:4      | Found Ucet's Magic Scroll Boutique.
  5262 | D:4      | Found a staircase to the Ecumenical Temple.
  5388 | D:4      | Noticed Edmund
  5465 | D:4      | Killed Edmund
  5466 | D:4      | Reached skill level 1 in Shields
  5466 | D:4      | Reached skill level 5 in Spellcasting
  5466 | D:4      | Reached XP level 6. HP: 23/46 MP: 0/0
  6061 | D:5      | Entered Level 5 of the Dungeon
  6067 | D:5      | Reached XP level 7. HP: 42/50 MP: 0/0
  6067 | D:5      | Learned a level 2 spell: Static Discharge
  6525 | D:5      | Found a glowing golden altar of the Shining One.
  6776 | D:5      | Identified a scroll of acquirement
  6776 | D:5      | Acquired a manual of Spellcasting
  7188 | D:5      | Reached *** piety under Dithmenos
  7398 | D:5      | Reached skill level 6 in Spellcasting
  7398 | D:5      | Reached XP level 8. HP: 57/58 MP: 0/0
  7666 | D:6      | Reached skill level 7 in Spellcasting
  7783 | D:6      | Found a shadowy altar of Dithmenos.
  8106 | D:6      | Found a runed translucent door.
  8107 | D:6      | Noticed Crazy Yiuf
  8138 | D:6      | Reached skill level 5 in Fighting
  8255 | D:6      | Reached XP level 9. HP: 58/65 MP: 0/0
  8255 | D:6      | Learned a level 4 spell: Hailstorm
  8455 | D:6      | Killed Crazy Yiuf
  8590 | D:7      | Reached skill level 8 in Spellcasting
  8985 | D:7      | Noticed Pikel
  8992 | D:7      | Killed Pikel
  8993 | D:7      | Reached skill level 9 in Spellcasting
  9224 | D:7      | Found a transporter.
  9506 | D:7      | Found a runed translucent gate.
  9506 | D:7      | Found a runed translucent gate.
  9506 | D:7      | Found a runed translucent gate.
  9510 | D:7      | Noticed PewDiePie's ghost (novice MiBe)
  9510 | D:7      | Noticed a green ugly thing
  9779 | D:8      | Noticed Psyche
  9787 | D:8      | Killed Psyche
  9796 | D:8      | Noticed Joseph
  9800 | D:8      | Noticed a troll
 10304 | D:8      | Reached skill level 5 in Dodging
 10304 | D:8      | Reached skill level 10 in Spellcasting
 10304 | D:8      | Reached XP level 10. HP: 69/73 MP: 0/0
 10383 | D:8      | Killed Joseph
 10389 | D:8      | Noticed Harold
 10479 | D:8      | Noticed Maggie
 10501 | D:8      | Killed Maggie
 10512 | D:8      | HP: 2/75 [/static electricity (3)]
 10944 | D:9      | Noticed a two-headed ogre
 10953 | D:9      | Killed a two-headed ogre
 10954 | D:9      | Reached skill level 11 in Spellcasting
 10971 | D:9      | Reached **** piety under Dithmenos
 10973 | D:9      | Noticed an efreet
 10978 | D:9      | Killed an efreet
 11490 | D:9      | Reached XP level 11. HP: 71/81 MP: 0/0
 11490 | D:9      | Learned a level 4 spell: Sticky Flame
 11926 | D:9      | Found a sparkling altar of Nemelex Xobeh.
 12130 | D:10     | Entered Level 10 of the Dungeon
 12544 | D:10     | Killed from afar by themself

Illustrated notes

Levels and vault maps discovered:
D:1:      amcnicky_arrival_blooded_trapdoor, layout_basic, serial_bayou,
          serial_bayou_crossing, serial_bayou_shore_b, serial_bayou_ford_a,
          serial_bayou_pond_b, basic_ecumenical_altar, minmay_tromino_v2
D:2:      layout_basic, serial_shops, shop, basic_altar
D:3:      layout_basic, serial_corexii_hall, chequers_hall_statues_wall_a,
          corexii_hall_statues_s, chequers_hall_statues_wall_a,
          chequers_hall_statues_y, serial_bayou_pond_c
D:4:      layout_cave_pods, chequers_temple_overflow_statue_of_worship,
          minmay_temple_entry_tees, serial_shops, nicolae_shop_crystal,
          chequers_avenue, kennysheep_small_circle, uniq_grinder, uniq_edmund
D:5:      layout_basic, kennysheep_mini_moat, kennysheep_potato
D:6:      layout_rooms, nicolae_overflow_crystal_walls,
          kennysheep_generic_room_14, uniq_crazy_yiuf_cottage
D:7:      gammafunk_beogh_shrine, layout_gridville, gammafunk_ghost_split,
          serial_rivers, chequers_serial_rivers_micro_c,
          chequers_serial_rivers_small_b, chequers_serial_rivers_micro_b,
          chequers_serial_rivers_room_a, chequers_serial_rivers_micro_d,
          chequers_serial_rivers_large_b, minmay_mini_ossuary, uniq_pikel
D:8:      layout_basic, the_hattery, uniq_erica, uniq_joseph, uniq_harold,
          uniq_maggie, uniq_psyche
D:9:      layout_basic, lemuel_coloured_pillars_altar
D:10:     layout_grid_maze, nzn_wu_jian_contemplation, david_orc_5

Skill      XL: |  1  2  3  4  5  6  7  8  9 10 11 |
---------------+----------------------------------+-----
Fighting       | 1 2 3 4 5 6 8 |  8.8
Spellcasting   | 4 5 6 7 10 11 | 11.5
Shields        | 1 3 4 |  4.0
Dodging        | 5 7 8 |  8.2
Stealth        | |  1.5

Action                   |  1- 3 |  4- 6 |  7- 9 | 10-12 || total
-------------------------+-------+-------+-------+-------++-------
Melee: Flail             |       |    28 |    29 |       ||    57
       Staff             |       |       |     3 |     5 ||     8
 Cast: Pain              |    83 |     5 |     1 |       ||    89
       Freeze            |       |    26 |     7 |       ||    33
       Vampiric Draining |       |     8 |     3 |     2 ||    13
       Poisonous Vapours |       |    23 |    72 |    31 ||   126
       Animate Dead      |       |     1 |       |       ||     1
       Static Discharge  |       |       |    43 |    29 ||    72
       Hailstorm         |       |       |    11 |    22 ||    33
       Sticky Flame      |       |       |       |     5 ||     5
  Use: Scroll            |       |       |    12 |     7 ||    19
       Potion            |       |       |       |     8 ||     8
 Stab: Sleeping          |       |     6 |     2 |       ||     8
Armor: Robe              |     6 |    19 |    27 |    22 ||    74
Dodge: Dodged            |    18 |    39 |    51 |    32 ||   140
Block: Buckler           |       |     6 |    29 |    11 ||    46

Table legend: (Time is in decaauts)
 A = Elapsed time spent in this place.
 B = Non-inter-level travel time spent in this place.
 C = Inter-level travel time spent in this place.
 D = Time resting spent in this place.
 E = Time spent auto-exploring this place.
 F = Levels seen in this place.
 G = Mean time per level.
                   A        B        C        D        E       F      G
               +--------+--------+--------+--------+--------+-----+--------+
         Total |  12556 |  12256 |    300 |   1091 |   9872 |  10 | 1255.6 |
       Dungeon |  12556 |  12256 |    300 |   1091 |   9872 |  10 | 1255.6 |
               +--------+--------+--------+--------+--------+-----+--------+

Top non-repeatable levels by time:
     D:1: 2291 daAuts
     D:7: 1940 daAuts
     D:2: 1505 daAuts
     D:5: 1414 daAuts
     D:4: 1366 daAuts
     D:9: 1201 daAuts
     D:6: 1087 daAuts
     D:3: 909 daAuts
     D:8: 426 daAuts
    D:10: 413 daAuts
